 Dungeon Crawl Stone Soup version 0.19-a0-1886-gd64a0f0 (webtiles) character file.

46 pokedragonboy the Chopper (level 3, 30/33 HPs)
             Began as a Minotaur Berserker on Oct 16, 2016.
             Was a Believer of Trog.
             Quit the game on level 2 of the Dungeon.
             The game lasted 00:05:12 (1504 turns).

pokedragonboy the Chopper (Minotaur Berserker)      Turns: 1504, Time: 00:05:12

Health: 30/33      AC:  6    Str: 22    XL:     3   Next: 44%
Magic:  2/2        EV: 11    Int:  4    God:    Trog [**....]
Gold:   139        SH:  2    Dex:  9    Spells: 0 memorised, 2 levels left

rFire  . . .     SeeInvis .     a - +0 hand axe
rCold  . . .     Gourm    .     d - +0 ring mail
rNeg   + . .     Faith    .     o - +0 buckler
rPois  .         Spirit   .     (helmet restricted)
rElec  .         Dismiss  .     i - +0 cloak
rCorr  .         Reflect  .     (no gloves)
MR     .....     Harm     .     (no boots)
Stlth  ..........               (no amulet)
                                (no ring)
                                n - ring of positive energy

@: no status effects
A: retaliatory headbutt, horns 2
a: Berserk, Trog's Hand, Burn Spellbooks, Renounce Religion


You were on level 2 of the Dungeon.
You worshipped Trog.
Trog was pleased with you.
You were not hungry.

You visited 1 branch of the dungeon, and saw 2 of its levels.

You collected 139 gold pieces.

Inventory:

Hand Weapons
 a - a +0 hand axe (weapon)
Armour
 d - a +0 ring mail (worn)
 i - a +0 cloak (worn)
 o - a +0 buckler (worn)
Jewellery
 n - a ring of positive energy (left hand)
Scrolls
 e - a scroll of enchant armour {unknown}
 g - 2 scrolls of identify {unknown}
 h - a scroll of teleportation {unknown}
 l - 3 scrolls of remove curse
 q - a scroll of noise {unknown}
Potions
 f - a potion of heal wounds {unknown}
 j - 2 potions of curing {unknown}
 k - a potion of resistance {unknown}
 m - a potion of agility {unknown}
Comestibles
 b - a meat ration
 c - 2 bread rations
 p - 4 chunks of flesh


   Skills:
 * Level 4.2 Fighting
 * Level 4.5 Axes
 + Level 2.8 Armour
 + Level 2.5 Dodging


You had 2 spell levels left.
You didn't know any spells.

Dungeon Overview and Level Annotations

Branches:
Dungeon (2/15)

Altars:


Innate Abilities, Weirdness & Mutations

You reflexively headbutt those who attack you in melee.
You have a pair of horns on your head.


Message History

Trog accepts your kill.
You closely miss the goblin. Your headbutt misses the goblin.
The goblin hits you with a club.
You hit the goblin.
You kill the goblin!
Trog accepts your kill.
No target in view!
No target in view!
No target in view!
No target in view!
No target in view!
Found 17 gold pieces.
Things that are here:
a club; a goblin corpse; a ball python corpse
j - 2 grey potions (gained 1)
q - a scroll labeled OQOSYA MEPNONN You now have 139 gold pieces (gained 17).
Done exploring.
Done exploring.
Are you sure you want to abandon this character and quit the game? (Confirm with "yes".)

#...###.##.##...............
##### #.##..#........).#....
#.#########.........##
#.#.......#....>.##.##
#.#..#)##'#...........
#.#.####..#......##.##
#.#..#.#)##......##...
#.#.##....#......###..
#.#.#@...##......###..
#.#.#..#..#..........#
#.#.#######........... #...#
#..##........... #.###
##.##........... #.#
####..............
###.###.............†...
#.......................
#.......................


There were no monsters in sight!

Vanquished Creatures
  2 dart slugs
  A leopard gecko (D:1)
  A ball python (D:2)
  2 giant cockroaches (D:2)
  5 goblins
  3 hobgoblins
  4 jackals
  8 kobolds
  7 bats
  A frilled lizard (D:2)
  4 rats
38 creatures vanquished.

Notes
Turn   | Place    | Note
-------+----------+-------------------------------------------
     0 | D:1      | pokedragonboy the Minotaur Berserker began the quest for the Orb.
     0 | D:1      | Reached XP level 1. HP: 19/19 MP: 0/0
   157 | D:1      | HP: 1/20 [kobold/dagger (3)]
   161 | D:1      | Reached XP level 2. HP: 2/27 MP: 1/1
  1060 | D:2      | Reached ** piety under Trog
  1060 | D:2      | Reached XP level 3. HP: 31/33 MP: 2/2
  1277 | D:2      | Found a faded altar of an unknown god.
  1504 | D:2      | Quit the game

Vault maps used:
D:1:      dpeg_arrival_tiny_a
D:2:      minmay_wonky_spiral, ecumenical_altar_2, grunt_ministairs_9

Skill      XL: |  1  2 |
---------------+-------+-----
Axes           | 4 |  4.5
Fighting       | 4 |  4.2
Armour         | |  2.8
Dodging        | |  2.5

Action                   || total
-------------------------++-------
Melee: Hand axe          ||    85
       Headbutt          ||     9
Invok: Berserk           ||     2
  Use: Scroll            ||     2
  Eat: Chunk             ||     4
Armor: Animal skin       ||     9
       Leather armour    ||     3
       Ring mail         ||    15
Dodge: Dodged            ||    66
Block: Buckler           ||     1
